 Dungeon Crawl Stone Soup version 0.29.1-12-g30fa7ad0bf (webtiles) character file.

Game seed: 967041342859806300

39 Thatpatchoflichen the Shooter (level 3, -2/30 HPs)
             Began as a Demigod Hunter on Jan 19, 2023.
             Slain by a worm (9 damage)
             ... on level 2 of the Dungeon.
             The game lasted 00:04:07 (855 turns).

Thatpatchoflichen the Shooter (Demigod Hunter)       Turns: 855, Time: 00:04:08

Health: -2/30      AC:  3    Str: 12    XL:     3   Next: 11%
Magic:  5/5        EV: 12    Int: 15    God:
Gold:   87         SH:  0    Dex: 17    Spells: 2/2 levels left

rFire   . . .      SeeInvis .   a - +0 shortbow
rCold   . . .      Faith    .   (shield currently unavailable)
rNeg    . . .      Spirit   .   c - +0 leather armour
rPois   .          Reflect  .   (no helmet)
rElec   .          Harm     .   (no cloak)
rCorr   .          Rampage  .   (no gloves)
Will    .....                   (no boots)
Stlth   ++........              (no amulet)
HPRegen 0.10/turn               (no ring)
MPRegen 0.09/turn               (no ring)

@: no status effects
A: high MP 1, forlorn, divine attributes
a: no special abilities


You were on level 2 of the Dungeon.
You visited 1 branch of the dungeon, and saw 2 of its levels.

You collected 87 gold pieces.

Inventory:

Hand Weapons
 a - a +0 shortbow (weapon)
 g - a +2 spear of venom
 l - a +2 mace of holy wrath
Armour
 c - a +0 leather armour (worn)
Magical Staves
 k - a staff of cold
Scrolls
 b - a scroll of immolation
 f - a scroll of magic mapping {unknown}
 h - 2 scrolls of identify {unknown}
 i - a scroll of silence {unknown}
 n - a scroll of teleportation {unknown}
Potions
 d - a potion of brilliance {unknown}
 e - a potion of flight {unknown}
 j - a potion of attraction {unknown}
 m - 2 potions of heal wounds {unknown}


   Skills:
 + Level 2.4 Fighting
 + Level 4.0 Ranged Weapons
 + Level 2.4 Dodging
 - Level 1.0 Stealth


You had 2 spell levels left.
You didn't know any spells.
Your spell library was empty.

Dungeon Overview and Level Annotations

Branches:
Dungeon (2/15)


Innate Abilities, Weirdness & Mutations

You have an increased reservoir of magic. (+10% MP)
You shall have no god before yourself.
Your divine heritage dramatically boosts your attributes as you level up.


Message History

The rat barely misses you.
Fire: a) +0 shortbow
Press: ? - help, Q - select action Shift-Dir - straight line, f/p - rat
Aim: a rat (heavily wounded, 63% to hit)
You shoot an arrow. The arrow barely misses the rat.
The arrow hits the frilled lizard!
You kill the frilled lizard!
The rat misses you. The worm bites you!
* * * LOW HITPOINT WARNING * * *
The rat bites you but does no damage.
Fire: a) +0 shortbow
Press: ? - help, Q - select action Shift-Dir - straight line, f/p - rat
Aim: a rat (heavily wounded, 63% to hit)
You shoot an arrow. The arrow hits the rat.
You kill the rat!
The worm misses you.
Fire: a) +0 shortbow
Press: ? - help, Q - select action Shift-Dir - straight line, f - worm
Aim: a worm (80% to hit)
You shoot an arrow. The arrow hits the worm.
The worm is lightly wounded.
The worm closely misses you.
Fire: a) +0 shortbow
Press: ? - help, Q - select action Shift-Dir - straight line, f/p - worm
Aim: a worm (lightly wounded, 80% to hit)
You shoot an arrow. The arrow barely misses the worm.
The worm bites you but does no damage.
Fire: a) +0 shortbow
Press: ? - help, Q - select action Shift-Dir - straight line, f/p - worm
Aim: a worm (80% to hit)
You shoot an arrow. The arrow hits the worm.
The worm is lightly wounded.
Unknown command.
Fire: a) +0 shortbow
Press: ? - help, Q - select action Shift-Dir - straight line, f/p - worm
Aim: a worm (lightly wounded, 80% to hit)
You shoot an arrow. The arrow hits the worm.
The worm is lightly wounded.
The worm bites you!
You die...

# #.. # #†#
#####.# ..).#.####
###)#....#
.......#.#####
###).........#
.....#...###.#####
####.#<......#(w@#
# #.#########.#.#
# #.. .."......†#
##############.###
....... #.#
....... #.#
....... #####b#
....... #bb...#
....... #.#####


You could see a worm.

Vanquished Creatures
  3 ball pythons (D:1)
  3 endoplasms (D:1)
  4 giant cockroaches (D:1)
  8 goblins
  6 hobgoblins (D:1)
  2 bats (D:2)
  2 frilled lizards (D:2)
  2 kobolds (D:1)
  5 rats
35 creatures vanquished.

Notes
Turn   | Place    | Note
-------+----------+-------------------------------------------
     0 | D:1      | Thatpatchoflichen the Demigod Hunter began the quest for
                  | the Orb.
     0 | D:1      | Reached XP level 1. HP: 17/17 MP: 3/3
    36 | D:1      | Reached skill level 1 in Stealth
    56 | D:1      | Reached XP level 2. HP: 19/24 MP: 4/4
   748 | D:2      | Reached XP level 3. HP: 30/30 MP: 5/5
   770 | D:2      | Reached skill level 4 in Ranged Weapons
   855 | D:2      | Slain by a worm

Illustrated notes

Levels and vault maps discovered:
D:1:      dreamdust_arrival_beginning_and_end, layout_rooms, kennysheep_boxes
D:2:      layout_basic, uniq_sigmund

Skill      XL: |  1  2  3 |
---------------+----------+-----
Stealth        | 1 |  1.0
Fighting       | 2 |  2.4
Dodging        | 2 |  2.4
Ranged Weapons | 4 |  4.0

Action                   || total
-------------------------++-------
 Fire: Shortbow          ||    79
Armor: Leather armour    ||    39
Dodge: Dodged            ||    96
